 Dungeon Crawl Stone Soup version 0.29-a0-330-g52719c12eb (webtiles) character file.

Game seed: 7120478745155668973

84 kae the Firebug (level 4, -9/25 HPs)
             Began as a Tengu Fire Elementalist on Apr 14, 2022.
             Mangled by an iguana (13 damage)
             ... on level 4 of the Dungeon.
             The game lasted 00:00:54 (2107 turns).

kae the Firebug (Tengu Fire Elementalist)           Turns: 2107, Time: 00:00:55

Health: -9/25      AC:  3    Str:  8    XL:     4   Next: 45%
Magic:  0/8        EV: 12    Int: 18    God:
Gold:   108        SH:  0    Dex: 14    Spells: 1/7 levels left

rFire   . . .      SeeInvis .   (no weapon)
rCold   . . .      Faith    .   (no shield)
rNeg    . . .      Spirit   .   a - +1 robe
rPois   .          Reflect  .   (helmet restricted)
rElec   .          Harm     .   (no cloak)
rCorr   .          Rampage  .   (no gloves)
Will    .....                   (boots unavailable)
Stlth   ++........              (no amulet)
HPRegen 0.08/turn               (no ring)
MPRegen 0.11/turn               (no ring)

@: hasted, very quick
A: beak, talons 3
a: no special abilities


You were on level 4 of the Dungeon.
You visited 1 branch of the dungeon, and saw 3 of its levels.

You collected 108 gold pieces.

Inventory:

Missiles
 i - a throwing net
Armour
 a - a +1 robe (worn)
Scrolls
 c - a scroll of fog {unknown}
 e - 3 scrolls of identify
 f - a scroll of enchant weapon {unknown}
Potions
 b - a potion of magic
 g - a potion of might {unknown}
 h - a potion of curing {unknown}


   Skills:
 + Level 1.3 Fighting
 + Level 2.8 Dodging
 - Level 2.0 Stealth
 + Level 2.4 Spellcasting
 + Level 2.4 Conjurations
 * Level 4.2 Fire Magic


You had one spell level left.
You knew the following spells:

 Your Spells              Type           Power      Damage    Failure   Level
a - Foxfire               Conj/Fire      56%        2x1d6     4%          1
b - Scorch                Fire           34%        2d7       4%          2
c - Conjure Flame         Conj/Fire      14%        6-21      13%         3

Your spell library contained the following spells:

 Spells                   Type           Power      Damage    Failure   Level
 Animate Skeleton         Necr           4%         N/A       17%         1
 Pain                     Necr           8%         1d4       17%         1
 Inner Flame              Hex/Fire       9%         N/A       22%         3
 Flame Wave               Conj/Fire      14%        2d6       41%         4
 Vampiric Draining        Necr           2%         2d6       45%         3


Dungeon Overview and Level Annotations

Branches:
Dungeon (2/15)

Altars:
Cheibriados


Innate Abilities, Weirdness & Mutations

You have a beak for a mouth.
You have claws for feet.


Message History

Confirm with . or Enter, or press ? or * to list all spells.
You conjure some foxfire!
The foxfire hits the iguana.
The iguana is heavily wounded.
The foxfire hits the iguana.
The iguana is severely wounded.
Casting: Foxfire (safe; 4% risk of failure)
Confirm with . or Enter, or press ? or * to list all spells.
You conjure some foxfire!
The foxfire hits the iguana but does no damage.
The iguana is severely wounded.
The foxfire hits the iguana.
The iguana is almost dead.
Casting: Foxfire (safe; 4% risk of failure)
Confirm with . or Enter, or press ? or * to list all spells.
Flames lash the iguana but do no damage.
The iguana bites you. The iguana bites you!
Casting: Scorch (safe; 4% risk of failure)
Confirm with . or Enter, or press ? or * to list all spells.
Flames lash the iguana.
The iguana is almost dead.
The iguana's fire resistance burns away.
The iguana barely misses you. The iguana bites you.
* * * LOW HITPOINT WARNING * * *
An iguana is nearby!
Casting: Scorch (safe; 4% risk of failure)
Confirm with . or Enter, or press ? or * to list all spells.
Flames lash the iguana.
The iguana is almost dead.
The iguana closely misses you.
A giant cockroach comes into view.
The iguana bites you.
* * * LOW HITPOINT WARNING * * *
Unknown command.
You feel yourself speed up. The giant cockroach barely misses you.
The giant cockroach misses you. The iguana bites you!
Ouch! That really hurt!
You die...

.### ... ..#
###..# ##.#..##
.####......#
........B..#
#.l@# #
##..##..##
#..........
#.###..########
#+# #...)..#
###.#######.##
###.........#.#
......## #.#.#
###....####.#.#


You could see an iguana (combustible) and a giant cockroach.

Vanquished Creatures
  Jessica (D:2)
  An adder (D:2)
  An ufetubus (D:4)
  2 dart slugs (D:1)
  A ball python (D:2)
  3 endoplasms (D:1)
  A giant cockroach (D:2)
  3 goblins (D:1)
  2 hobgoblins
  6 jackals (D:1)
  2 kobolds (D:1)
  2 quokkas (D:1)
  4 bats
  8 rats
37 creatures vanquished.

Vanquished Creatures (collateral kills)
  2 foxfires (D:1)
2 creatures vanquished.

Vanquished Creatures (others)
  116 foxfires
116 creatures vanquished.

Grand Total: 155 creatures vanquished

Notes
Turn   | Place    | Note
-------+----------+-------------------------------------------
     0 | D:1      | kae the Tengu Fire Elementalist began the quest for the
                  | Orb.
     0 | D:1      | Reached XP level 1. HP: 10/10 MP: 4/4
   192 | D:1      | Reached XP level 2. HP: 5/16 MP: 0/6
   719 | D:1      | Reached XP level 3. HP: 14/20 MP: 2/7
   722 | D:1      | Learned a level 2 spell: Scorch
   726 | D:1      | Learned a level 3 spell: Conjure Flame
  1051 | D:1      | Reached skill level 1 in Fighting
  1430 | D:2      | Found a snail-covered altar of Cheibriados.
  1558 | D:2      | Found a faded altar of an unknown god.
  1753 | D:2      | Reached skill level 4 in Fire Magic
  1927 | D:2      | Noticed Jessica
  1935 | D:2      | Killed Jessica
  1936 | D:2      | Reached XP level 4. HP: 25/25 MP: 3/8
  2047 | D:2      | You fall into a shaft and drop 2 floors!
  2107 | D:4      | Mangled by an iguana

Illustrated notes

Levels and vault maps discovered:
D:1:      onia_arrival_mini_maze, layout_basic, dk_noncrumbling_2,
          serial_bayou_pond_c
D:2:      cheibrodos_old_hovel, layout_basic,
          shapermc_ecumenical_altar_totnotflames, basic_altar, uniq_jessica
D:4:      layout_loops_corners, okawaru_metal_pillars_1_2, tgw_kikubaaqudgha,
          lemuel_old_faithful

Skill      XL: |  1  2  3 |
---------------+----------+-----
Conjurations   | 2 |  2.4
Fighting       | 1 |  1.3
Fire Magic     | 4 |  4.2
Dodging        | |  2.8
Stealth        | |  2.0
Spellcasting   | |  2.4

Action                   |  1- 3 |  4- 6 || total
-------------------------+-------+-------++-------
Melee: Unarmed           |     9 |       ||     9
       Kick              |     2 |       ||     2
 Cast: Foxfire           |    67 |     6 ||    73
       Scorch            |     1 |     3 ||     4
  Use: Potion            |     1 |     1 ||     2
       Scroll            |     5 |       ||     5
Armor: Robe              |     9 |       ||     9
Dodge: Dodged            |    24 |     4 ||    28

Table legend: (Time is in decaauts)
 A = Elapsed time spent in this place.
 B = Non-inter-level travel time spent in this place.
 C = Inter-level travel time spent in this place.
 D = Time resting spent in this place.
 E = Time spent auto-exploring this place.
 F = Levels seen in this place.
 G = Mean time per level.
                   A        B        C        D        E       F      G
               +--------+--------+--------+--------+--------+-----+--------+
         Total |   2106 |   2067 |     39 |     22 |   1793 |   3 |  702.0 |
       Dungeon |   2106 |   2067 |     39 |     22 |   1793 |   3 |  702.0 |
               +--------+--------+--------+--------+--------+-----+--------+

Top non-repeatable levels by time:
     D:1: 1422 daAuts
     D:2: 624 daAuts
     D:4: 59 daAuts
